AoeStats
← ᅚᅚᅚᅚ

Arena

505117313Analyzed
4v4 RM · 23d ago on Sep 7, 2026· 43m 6s· 8 players
Game mode
Random Map
Map size
Large (8 player)
Population
200
Speed
Normal
Resources
Standard
Victory
Conquest
Starting age
Dark Age
Ending age
Imperial Age
RankedLock teamsTeams togetherTeam positionsShared explorationLock speedFull tech treeHidden civsTurbo modeCheats
Victory
Defeat
🇨🇱 Huns · Chile
1259
+13
🇨🇱 Armenians · Chile
1240
+14
🇦🇷 Jurchens · Argentina
1228
+14
🇦🇷 Malay · Argentina
1200
+15
🇨🇦 Teutons · Canada
1326
-19
🇺🇸 Magyars · United States
1171
-13
🇨🇴 Bohemians · Colombia
1138
-12
🇧🇴 Turks · Bolivia
1134
-12
Riky
11:36 Feudal Age
12:34 Double-Bit Axe
15:54 Castle Age
13:40 Horse Collar
15:20 Forging
19:03 Loom
21:30 Bow Saw
22:17 Scale Barding Armor
22:32 Light Cavalry
26:31 Heavy Plow
26:49 Husbandry
27:00 Bloodlines
27:12 Gold Mining
27:13 Stone Mining
28:25 Iron Casting
30:30 Chain Barding Armor
30:34 Devotion
33:37 Wheelbarrow
32:48 Town Watch
32:58 Pikeman
34:02 Fortified Wall
34:20 Fortified Bastions
35:55 Hand Cart
36:44 Fletching
40:23 Imperial Age
37:55 Scale Mail Armor
38:30 Squires
38:15 Arson
39:12 Murder Holes
39:55 Chain Mail Armor
41:00 Gold Shaft Mining
41:01 Stone Shaft Mining
41:09 Padded Archer Armor
41:18 Bodkin Arrow
41:20 Treadmill Crane
42:11 Leather Archer Armor
42:04 Siege Engineers
42:21 Ballistics
43:07 Thunderclap Bombs
43:22 Conscription
42:40 Capped Ram
ᅚᅚᅚᅚ
10:17 Loom
12:08 Feudal Age
18:51 Castle Age
27:26 Double-Bit Axe
27:50 Horse Collar
29:50 Gold Mining
33:31 Gold Shaft Mining
33:48 Bow Saw
33:47 Heavy Plow
35:56 Wheelbarrow
38:07 Hand Cart
43:04 Stone Mining
Eros
13:50 Feudal Age
13:26 Horse Collar
17:30 Castle Age
19:33 Husbandry
20:21 Scale Barding Armor
21:38 Forging
24:56 Devotion
27:54 Iron Casting
27:28 Gold Mining
34:30 Double-Bit Axe
34:48 Heavy Plow
37:32 Imperial Age
36:41 Elite Battle Elephant
39:03 Blast Furnace
Pelantaro
11:02 Feudal Age
12:28 Wheelbarrow
15:41 Castle Age
14:17 Double-Bit Axe
14:25 Horse Collar
18:37 Scale Mail Armor
20:19 Squires
23:41 Forging
25:27 Loom
27:07 Masonry
27:10 Fortified Wall
27:25 Devotion
30:42 Imperial Age
29:04 Bow Saw
29:22 Hand Cart
30:12 Stone Mining
31:36 Town Watch
34:25 Ballistics
33:56 Fletching
34:12 Pikeman
35:11 Chain Mail Armor
35:59 Conscription
37:35 Plate Mail Armor
36:26 Halberdier
38:20 Iron Casting
38:57 Arson
39:54 Bodkin Arrow
40:11 Onager
42:30 Blast Furnace
41:04 Heavy Scorpion
43:56 Chemistry
Teodoro
12:01 Feudal Age
15:44 Castle Age
14:38 Double-Bit Axe
14:34 Horse Collar
17:18 Bow Saw
19:36 Fervor
23:59 Wheelbarrow
24:29 Loom
26:06 Sanctity
27:03 Redemption
arzan
9:34 Feudal Age
9:14 Loom
14:52 Town Watch
15:53 Fletching
JAF23
0:50 Loom
11:20 Feudal Age
15:42 Bloodlines
19:49 Castle Age
19:27 Scale Barding Armor
21:13 Double-Bit Axe
22:37 Gold Mining
24:58 Gold Shaft Mining
24:54 Chain Barding Armor
31:34 Wheelbarrow
36:26 Imperial Age
36:43 Husbandry
36:59 Elite Magyar Huszar
KennyQuiss
11:08 Feudal Age
15:10 Castle Age
13:32 Double-Bit Axe
15:31 Loom
16:24 Bow Saw
19:07 Loom
20:12 Stone Mining
21:16 Gold Mining
27:26 Wheelbarrow
28:25 Gold Shaft Mining
30:43 Imperial Age
35:01 Padded Archer Armor
34:52 Fletching
36:44 Conscription
37:40 Hand Cart
37:52 Sipahi
38:40 Fortified Wall
39:40 Leather Archer Armor
39:21 Bodkin Arrow
Connection lost

Rejoining the realm…

Still unreachable

The connection could not be restored.

Session expired

The server has moved on; the page needs a fresh start.